 Dungeon Crawl Stone Soup version 0.28.0-53-g5a82cb258f (webtiles) character file.

Game seed: 7123552487151819586

308 Gabide the Insei (level 6, 0/44 HPs)
             Began as a Mummy Necromancer on June 2, 2022.
             Was a Plaything of Xom.
             Slain by a quasit (1 damage)
             ... summoned by Xom
             ... while paralysed by Grinder
             ... on level 4 of the Dungeon.
             The game lasted 00:10:19 (4272 turns).

Gabide the Insei (Mummy Necromancer)                Turns: 4272, Time: 00:10:20

Health: 0/44       AC:  6    Str: 12      XL:     6   Next: 17%
Magic:  10/10      EV:  2    Int: 16      God:    Xom [*.....]
Gold:   117        SH:  0    Dex:  8 (12) Spells: 8/10 levels left

rFire   x . .      SeeInvis +     - Unarmed
rCold   + + .      Faith    .   (no shield)
rNeg    + + +      Spirit   .   a - +3 leather armour
rPois   ∞          Reflect  .   (no helmet)
rElec   .          Harm     .   (no cloak)
rCorr   .          Rampage  .   (no gloves)
Will    .....                   (no boots)
Stlth   +.........              (no amulet)
HPRegen 0.14/turn               h - ring of protection from cold
MPRegen 0.12/turn               k - ring of see invisible

@: paralysed
A: cold resistance 1, negative energy resistance 3, torment resistance 2, heat
vulnerability 1, no potions
a: Renounce Religion


You were on level 4 of the Dungeon.
You worshipped Xom.
You were a special plaything of Xom.
You visited 1 branch of the dungeon, and saw 4 of its levels.

You collected 117 gold pieces.

Inventory:

Hand Weapons
 g - a +6 dagger
Armour
 a - a +3 leather armour (worn)
 j - a +0 chain mail of fire resistance
Jewellery
 h - a ring of protection from cold (left hand)
 k - a ring of see invisible (right hand)
Scrolls
 b - a scroll of fear
 d - a scroll of blinking
 e - a scroll of teleportation {unknown}
 i - a scroll of torment {unknown}
 l - a scroll of brand weapon {unknown}
 m - a scroll of holy word {unknown}
 n - a scroll of vulnerability {unknown}


   Skills:
 - Level 2.0 Fighting
 - Level 2.0 Dodging
 - Level 2.0 Stealth
 + Level 4.4 Unarmed Combat
 - Level 2.6 Spellcasting
 - Level 4.0 Necromancy


You had 8 spell levels left.
You knew the following spells:

 Your Spells              Type           Power      Damage    Failure   Level
a - Pain                  Necr           56%        1d6       4%          1
b - Animate Skeleton      Necr           28%        N/A       4%          1

Your spell library contained the following spells:

 Spells                   Type           Power      Damage    Failure   Level
 Vampiric Draining        Necr           14%        2d7       14%         3
 Animate Dead             Necr           7%         N/A       43%         4
 Portal Projectile        Hex/Tloc       4%         N/A       58%         3
 Agony                    Necr           14%        N/A       78%         5
 Excruciating Wounds      Necr           7%         N/A       78%         5
 Blade Hands              Tmut           Unusable   N/A       N/A         5

Dungeon Overview and Level Annotations

Branches:
Dungeon (4/15)             Temple (0/1) D:4

Altars:
Cheibriados
Xom

Annotations:
D:4 Grinder


Innate Abilities, Weirdness & Mutations

You are immune to poison.
Your flesh is cold resistant. (rC+)
You are immune to negative energy. (rN+++)
You are immune to unholy pain and torment.
You are vulnerable to heat. (rF-)
You do not drink.


Message History

You barely miss Grinder.
Grinder is almost dead.
The quasit bites you but does no damage.
The quasit barely misses you. The quasit misses you.
You closely miss Grinder.
Grinder is almost dead.
Grinder completely misses you.
The quasit bites you but does no damage.
The quasit closely misses you.
The quasit claws you but does no damage.
You hit Grinder.
Grinder is almost dead.
The quasit bites you but does no damage.
The quasit claws you.
* * * LOW HITPOINT WARNING * * *
The quasit closely misses you. Grinder barely misses you.
You closely miss Grinder.
Grinder is almost dead.
The quasit bites you.
* * * LOW HITPOINT WARNING * * *
You feel clumsy. The quasit closely misses you. The quasit misses you.
Grinder gestures at you.
You suddenly lose the ability to move!
The quasit bites you but does no damage.
The quasit claws you but does no damage.
The quasit claws you.
* * * LOW HITPOINT WARNING * * *
You feel clumsy. Grinder hits you.
* * * LOW HITPOINT WARNING * * *
The quasit bites you.
* * * LOW HITPOINT WARNING * * *
The quasit claws you but does no damage. x2
Grinder gestures at you.
You shrug off the repeated paralysis!
The quasit bites you but does no damage.
The quasit barely misses you. The quasit claws you.
You die...
Xom guffaws!

#...>..# #) #####..####[
#..#.... #..#.### #..#.# #..#.#
#..#.# #.##
###############..#.# ...#
#(..5@5.......(..#.# ##.#.
#(##############.#.# #!<. ####
#.#.# #...#.#.. #.#.# #....##.#
#.#.# ##.##.##.#
###############.#.#
##.##.##.####...............#.#
##.##.##.##..).............)..#
##.##.##.##.#.#################


You could see Grinder and a quasit (summoned).

Vanquished Creatures
  2 jellies
  4 gnolls (D:4)
  2 adders
  2 worms
  3 dart slugs
  7 orcs
  A bat (D:1)
  9 endoplasms
  7 giant cockroaches
  6 goblins
  5 hobgoblins
  4 jackals
  9 kobolds
  A quokka (D:1)
  4 ball pythons
  3 rats
69 creatures vanquished.

Vanquished Creatures (collateral kills)
  An ogre (D:4)
  A hound skeleton (D:4)
  A ball python (D:4)
3 creatures vanquished.

Vanquished Creatures (others)
  2 demonic plants (D:1)
2 creatures vanquished.

Grand Total: 74 creatures vanquished

Notes
Turn   | Place    | Note
-------+----------+-------------------------------------------
     0 | D:1      | Gabide the Mummy Necromancer began the quest for the Orb.
     0 | D:1      | Reached XP level 1. HP: 13/13 MP: 4/4
   108 | D:1      | Learned a level 1 spell: Animate Skeleton
   250 | D:1      | Reached XP level 2. HP: 11/19 MP: 2/5
   635 | D:1      | Reached skill level 1 in Fighting
   795 | D:1      | Found a faded altar of an unknown god.
   795 | D:1      | Noticed a rust devil
  1263 | D:2      | Found a shimmering altar of Xom.
  1368 | D:2      | Reached XP level 3. HP: 27/27 MP: 2/7
  2138 | D:2      | Became a worshipper of Xom the Fickle
  2183 | D:2      | Reached skill level 1 in Unarmed Combat
  2299 | D:3      | XOM: divination: detect creatures
  2570 | D:3      | Found a snail-covered altar of Cheibriados.
  2690 | D:3      | Reached XP level 4. HP: 33/33 MP: 5/8
  2876 | D:3      | XOM: silly message
  3233 | D:4      | XOM: divination: magic mapping
  3242 | D:4      | Found a staircase to the Ecumenical Temple.
  3244 | D:4      | XOM: cast spell 'Call Canine Familiar'
  3249 | D:4      | Reached XP level 5. HP: 38/38 MP: 9/9
  3423 | D:4      | XOM: 6-stop teleportation journey
  3527 | D:4      | Found a glowing drain.
  3612 | D:4      | Noticed an ogre
  3620 | D:4      | XOM: butterfly on damage
  3627 | D:4      | XOM: summons 2 friendly demons
  3636 | D:4      | Killed an ogre
  3637 | D:4      | Reached XP level 6. HP: 23/44 MP: 10/10
  3821 | D:4      | XOM: enchant monster (bad)
  4239 | D:4      | Noticed Grinder
  4246 | D:4      | XOM: summons 1 hostile demon
  4270 | D:4      | Paralysed by Grinder for 3 turns
  4271 | D:4      | HP: 1/44 [quasit[Xom] (2)]
  4272 | D:4      | Slain by a quasit

Illustrated notes

Levels and vault maps discovered:
D:1:      tarquinn_simple_flora_water_a, layout_basic,
          dreamdust_ecumenical_altar_sealed_demon
D:2:      layout_basic, basic_altar
D:3:      layout_basic, lemuel_tele_altar
D:4:      layout_loops_ring, minmay_temple_entry_glass,
          cheibrodos_sewer_entry_drain, minmay_strange_pillars, uniq_grinder

Skill      XL: |  1  2  3  4  5 |
---------------+----------------+-----
Stealth        | 2 |  2.0
Dodging        | 2 |  2.0
Fighting       | 1 2 |  2.0
Unarmed Combat | 1 3 4 |  4.4
Spellcasting   | |  2.6
Necromancy     | |  4.0

Action                   |  1- 3 |  4- 6 || total
-------------------------+-------+-------++-------
Melee: Unarmed           |    11 |     5 ||    16
       Dagger            |     8 |    27 ||    35
       Punch             |     1 |     2 ||     3
Throw: Dart              |     1 |    11 ||    12
 Cast: Pain              |    98 |    77 ||   175
       Animate Skeleton  |     3 |     5 ||     8
  Use: Scroll            |     1 |     4 ||     5
Armor: Robe              |     3 |       ||     3
       Leather armour    |     5 |    47 ||    52
Dodge: Dodged            |    28 |    56 ||    84
